 Dungeon Crawl Stone Soup version 0.31-a0-200-gbc41564c69 (webtiles) character file.

Game seed: 14459690113665103058

96 qw the Shooter (level 4, -4/25 HPs)
             Began as a Deep Elf Hunter on June 25, 2023.
             Slain by a +2 spectral quarterstaff (7 damage)
             ... created by a gnoll
             ... on level 3 of the Dungeon.
             The game lasted 00:00:42 (1885 turns).

qw the Shooter (Deep Elf Hunter)                    Turns: 1885, Time: 00:00:43

Health: -4/25      AC:  7    Str: 10    XL:     4   Next: 41%
Magic:  6/6        EV: 11    Int: 14    God:
Gold:   119        SH:  0    Dex: 18    Spells: 3/3 levels left

rFire   . . .        Y - +0 shortbow
rCold   . . .        (shield currently unavailable)
rNeg    . . .        f - +0 ring mail
rPois   .            (no helmet)
rElec   .            (no cloak)
rCorr   .            d - +1 pair of gloves
SInv    .            (no boots)
Will    +....        (no amulet)
Stlth   +            e - ring of willpower
HPRegen 0.24/turn    (no ring)
MPRegen 0.10/turn

%: no passive effects
@: no status effects
A: no striking features
a: no special abilities


You were on level 3 of the Dungeon.
You visited 1 branch of the dungeon, and saw 3 of its levels.

You collected 119 gold pieces.


   Skills:
 - Level 1.5 Fighting
 + Level 7.8 Ranged Weapons
 - Level 2.4 Dodging
 - Level 1.2 Stealth


You had 3 spell levels left.
You didn't know any spells.
Your spell library was empty.

Inventory:

Hand Weapons
 Y - a +0 shortbow (weapon)
Armour
 d - a +1 pair of gloves (worn)
 f - a +0 ring mail (worn)
Jewellery
 e - a ring of willpower (left hand)
 h - an amulet of regeneration
Scrolls
 a - a scroll of summoning {unknown}
 b - a scroll of identify {unknown}
Potions
 c - 2 potions of haste
 g - a potion of curing {unknown}
 i - a potion of might {unknown}

Dungeon Overview and Level Annotations

Branches:
Dungeon (3/15)

Altars:


Message History

The kobold shouts!
The kobold throws a stone.
The stone barely misses you.
Enter note: You shoot an arrow.
The arrow hits the kobold.
You kill the kobold!
You hear an angry hiss.
A ball python comes into view.
You shoot an arrow.
The arrow closely misses the ball python.
You shoot an arrow.
The arrow hits the ball python but does no damage.
A bat comes into view.
You shoot an arrow.
The arrow barely misses the ball python.
The ball python bites you. The ball python grabs you.
The ball python constricts you.
A gnoll comes into view.
It is wielding a +2 spectral quarterstaff.
You shoot an arrow. The arrow hits the ball python!
You kill the ball python!
The bat completely misses you.
You shoot an arrow. The arrow hits the bat.
The bat is moderately wounded.
The bat barely misses you.
You shoot an arrow. The arrow misses the bat.
The bat hits you but does no damage.
You shoot an arrow. The arrow hits the bat.
You kill the bat!
You shoot an arrow. The arrow hits the gnoll.
The gnoll is heavily wounded.
The gnoll hits you with a +2 spectral quarterstaff.
The +2 spectral quarterstaff hits you!
Ouch! That really hurt!
A +2 spectral quarterstaff comes into view.
You shoot an arrow. The arrow barely misses the gnoll.
The +2 spectral quarterstaff barely misses you.
The gnoll barely misses you.
The +2 spectral quarterstaff closely misses you.
The +2 spectral quarterstaff hits you. The gnoll closely misses you.
The +2 spectral quarterstaff hits you!
You die...

#.#...######
..#........# #
#.#........# ####.#.#
#.#......).#####......#
#.#..............#
#.#........####..#
#.#.##.##### #..#
#.##.. #..# #. #.#.
#.@# #. #.g(.....)
#...##.##. #..## ...#
##..# #..# #..#


You could see a +2 spectral quarterstaff and a gnoll.

Vanquished Creatures
  An orc wizard (D:3)
  A worm (D:2)
  3 dart slugs
  2 orcs
  6 ball pythons
  7 bats
  5 endoplasms
  3 giant cockroaches
  4 goblins
  3 hobgoblins (D:2)
  2 quokkas (D:1)
  4 frilled lizards
  7 kobolds
  9 rats
57 creatures vanquished.

Notes
Turn   | Place    | Note
-------+----------+-------------------------------------------
     0 | D:1      | qw the Deep Elf Hunter began the quest for the Orb.
     0 | D:1      | Reached XP level 1. HP: 12/12 MP: 3/3
     0 | D:1      | 0 ||| qw: Version: 0.3-a-22-g0ed2b0b
     0 | D:1      | 0 ||| qw: Game counter: 5485
     0 | D:1      | 0 ||| qw: Melee chars always use a shield: true
     0 | D:1      | 0 ||| qw: God list: Okawaru
     0 | D:1      | 0 ||| qw: Allow faded altars: false
     0 | D:1      | 0 ||| qw: Do Orc after clearing Dungeon:15 true
     0 | D:1      | 0 ||| qw: Do second Lair branch before Depths: true
     0 | D:1      | 0 ||| qw: Lair rune preference: random
     0 | D:1      | 0 ||| qw: Goals: Normal
     0 | D:1      | 0 ||| PLANNING D:1-11
   151 | D:1      | Reached XP level 2. HP: 16/16 MP: 4/4
   156 | D:1      | Reached skill level 6 in Ranged Weapons
   865 | D:1      | Reached XP level 3. HP: 20/20 MP: 5/5
   931 | D:1      | 931 ||| UPGRADING to +1 pair of gloves.
   936 | D:1      | 936 ||| UPGRADING to +0 ring mail.
   946 | D:1      | 946 ||| DROPPING +0 leather armour.
   947 | D:1      | 947 ||| READING scroll labelled UMMINO IWEUTOV.
   948 | D:1      | 948 ||| DROPPING scroll of butterflies.
  1045 | D:2      | Reached skill level 7 in Ranged Weapons
  1168 | D:2      | Found a faded altar of an unknown god.
  1422 | D:2      | 1422 ||| UPGRADING to ring of willpower.
  1423 | D:2      | 1423 ||| READING 3 scrolls labelled QIFFATURCH.
  1426 | D:2      | 1426 ||| READING scroll labelled CUASEO SEDDAR.
  1427 | D:2      | 1427 ||| READING scroll labelled LYNEUR TOVI.
  1428 | D:2      | 1428 ||| DRINKING 2 murky silvery potions.
  1461 | D:3      | 1461 ||| STAIRDANCE
  1502 | D:3      | HP: 5/20 [orc/+0 hand axe (1)]
  1503 | D:3      | Reached XP level 4. HP: 7/25 MP: 6/6
  1505 | D:3      | 1505 ||| READING 2 scrolls of teleportation.
  1505 | D:3      | HP: 2/25 [orc/+0 hand axe (3)]
  1510 | D:3      | 1510 ||| READING scroll of teleportation.
  1885 | D:3      | HP: 3/25 [+2 spectral quarterstaff[a gnoll] (6)]
  1885 | D:3      | Slain by a +2 spectral quarterstaff

Levels and vault maps discovered:
D:1:      spicycebolla_green_bress_n_ham_2, layout_basic,
          hangedman_decor_opposing
D:2:      cheibrodos_helix_gallery, layout_rooms,
          hellmonk_ecumenical_altar_crossroads, kennysheep_generic_room_16
D:3:      layout_basic, minmay_checkerbox

Skill      XL: |  1  2  3 |
---------------+----------+-----
Ranged Weapons | 6 7 |  7.8
Fighting       | |  1.5
Dodging        | |  2.4
Stealth        | |  1.2

Action                     |  1- 3 |  4- 6 || total
---------------------------+-------+-------++-------
   Fire: Shortbow          |   139 |    34 ||   173
    Use: Scroll            |     4 |     2 ||     6
         Potion            |     1 |       ||     1
 Armour: Leather armour    |     4 |       ||     4
         Ring mail         |    10 |     4 ||    14
  Dodge: Dodged            |    28 |    10 ||    38

Table legend:
 A = Non-vault XP
 B = Vault XP
 C = Vault XP percentage of total XP
 D = Non-vault monster count
 E = Vault monster count
 F = Vault count percentage of total count
                 A         B        C        D         E       F
            +---------+---------+-------+---------+---------+-------
      Total |     122 |      16 |  11.6 |      52 |       5 |   8.8
            +---------+---------+-------+---------+---------+-------
        D:1 |      43 |       0 |   0.0 |      24 |       0 |   0.0
        D:2 |      30 |      10 |  25.0 |      20 |       3 |  13.0
        D:3 |      49 |       6 |  10.9 |       8 |       2 |  20.0
            +---------+---------+-------+---------+---------+-------
